 Dungeon Crawl Stone Soup version 0.30-a0-718-geaa24f58ff (webtiles) character file.

Game seed: 3418585283608433020

7047 mopl the Carver (level 11, -6/85 HPs)
             Began as a Merfolk Berserker on Jan 25, 2023.
             Was an Elder of Trog.
             Killed by divine providence
             ... invoked by an orc priest
              (11 damage)
             ... on level 9 of the Dungeon.
             The game lasted 00:16:12 (9968 turns).

mopl the Carver (Merfolk Berserker)                 Turns: 9968, Time: 00:16:13

Health: -6/85      AC: 16    Str: 22    XL:     11   Next: 9%
Magic:  11/11      EV:  8    Int:  7    God:    Trog [****..]
Gold:   406        SH: 12    Dex: 19    Spells: 10/10 levels left

rFire   . . .      SeeInvis .    a - +0 falchion
rCold   . . .      Faith    .    o - +0 tower shield
rNeg    + . .      Spirit   .    M - +0 chain mail {rN+}
rPois   .          Reflect  .    m - +0 helmet
rElec   .          Harm     .    p - +0 cloak
rCorr   .          Rampage  .    (no gloves)
Will    .....                    (no boots) Stlth
                                 (no amulet)
HPRegen 0.34/turn                f - +6 ring of dexterity
MPRegen 0.12/turn                z - +4 ring of protection

@: about to teleport, on berserk cooldown, slowed, very slow
A: (nimble swimmer 2), mertail
a: Renounce Religion, Berserk, Trog's Hand, Brothers in Arms


You were on level 9 of the Dungeon.
You worshipped Trog.
Trog was greatly pleased with you.
You visited 1 branch of the dungeon, and saw 9 of its levels.

You collected 754 gold pieces.
You spent 348 gold pieces at shops.

Inventory:

Hand Weapons
 a - a +0 falchion (weapon)
 b - a +2 flail of venom
 G - a +2 spear of freezing
 L - a +1 spear of flaming
Missiles
 n - 8 boomerangs
 t - 2 silver boomerangs
 B - 7 javelins
 K - a throwing net
 N - 6 poisoned darts (quivered)
Armour
 m - a +0 helmet (worn)
 o - a +0 tower shield (worn)
 p - a +0 cloak (worn)
 M - a +0 chain mail of positive energy (worn)
Jewellery
 f - a +6 ring of dexterity (left hand)
 z - a +4 ring of protection (right hand)
 D - a ring of ice
 Q - a ring of fire
Wands
 q - a wand of digging (5)
 s - a wand of polymorph (6)
 y - a wand of roots (8)
 I - a wand of paralysis (11)
Scrolls
 c - 2 scrolls of fear {unknown}
 g - 8 scrolls of identify
 h - a scroll of poison {unknown}
 i - 3 scrolls of teleportation
 j - 2 scrolls of magic mapping {unknown}
 k - 2 scrolls of torment {unknown}
 l - 2 scrolls of fog {unknown}
 u - 2 scrolls of noise {unknown}
 x - 5 scrolls of immolation
 E - a scroll of enchant armour {unknown}
 O - a scroll of brand weapon {unknown}
 P - a scroll of enchant weapon {unknown}
Potions
 d - 4 potions of haste
 e - a potion of invisibility
 v - a potion of flight
 w - a potion of cancellation
 A - a potion of magic
 C - 8 potions of curing
 F - a potion of mutation {!q}
 H - a potion of ambrosia
 J - a potion of lignification {!q}


   Skills:
 + Level 7.7 Fighting
 * Level 11.4 Long Blades
 + Level 6.0 Throwing
 + Level 5.0 Armour
 + Level 8.9 Dodging
 + Level 6.0 Evocations


You had 10 spell levels left.
You didn't know any spells.
Your spell library was empty.

Dungeon Overview and Level Annotations

Branches:
Dungeon (9/15)             Temple (0/1) D:6
   Lair: D:8-11         Orc: D:9-12

Altars:
Ashenzari
Cheibriados
Gozag
Hepliaklqana
Qazlal
Ru
Sif Muna
Wu Jian
Yredelemnul
Zin

Shops:
D:1 *   D:3 *   D:5 *   D:9 =

Annotations:
D:4 2 transporters, bmj180's ghost, amateur GrEE


Innate Abilities, Weirdness & Mutations

((You are very nimble when in or above water. (Stealth+, EV+, Speed+++)))
Your lower body shifts to a powerful aquatic tail in water.


Message History

An orc warrior comes into view. It is wielding a +0 trident.
You block the orc's attack. The orc hits you but does no damage.
The orc shouts!
You hit the orc.
The orc is heavily wounded.
The orc hits you but does no damage. x2; The orc warrior shoots a bolt.
The bolt hits you but does no damage.
You hear a shout!
Unknown command.
You feel much better.
An orc wizard comes into view. It is wielding a +0 dagger.
The orc priest begins to cast a cantrip, but forgets the words!
You block the orc's attack. x2; The orc warrior shoots a bolt.
The bolt hits you but does no damage.
The orc priest calls upon Beogh to heal the orc priest.
The orc priest is healed somewhat.
An orc priest comes into view. It is wielding a +0 dagger.
An orc wizard comes into view. It is wielding a +0 dagger.
The orc priest looks encouraged for a moment.
The orc closely misses you. The orc hits you but does no damage.
You hear a shout!
As you read the scroll of teleportation, it crumbles to dust.
You feel strangely unstable.
The orc priest mumbles some strange prayers to Beogh against you.
Beogh smites you!
* * * LOW HITPOINT WARNING * * *
The orc priest calls upon Beogh to heal the orc priest.
The orc priest is healed somewhat.
The orc hits you with a +0 hand axe.
* * * LOW HITPOINT WARNING * * *
You block the orc's attack.
An orc warrior comes into view. It is wielding a +0 short sword.
You hear a shout!
Unknown command.
The orc attacks as you move away! The orc closely misses you.
The orc priest invokes the aid of Beogh against you.
Beogh smites you!
* * * LOW HITPOINT WARNING * * *
The orc priest calls down the wrath of Beogh upon you.
Beogh smites you!
You die...

.Y....########.....## #.# #.....
Y###### ###.### #.###...## .# #.#
#..#....# ## #)# #####....#.#
#### #.# #........#.# ...##
####.####........#.## ##..#
#...oo.)............# ###Y##
#...##.###............# .....#
...# #@#........>....[#
....Y####.# #.....o.o........#
..........# ###oo#.#............
.....#########...oo.............#
.....###.......#o#.......#######.
.......!.#######.#..#o..#...≈
#............#...#..#.....#..
.......÷.....#.....#...o.## .P
##.........<[....#.#.#.#..P .


You could see 2 orc warriors, 3 orc priests, an orc wizard and 3 orcs.

Vanquished Creatures
  Pikel (D:9)
  Prince Ribbit (D:7)
  11 yaks
  A wyvern (D:9)
  A steam dragon (D:6)
  2 water moccasins
  4 ice beasts
  A sky beast (D:7)
  A black bear (D:6)
  4 orc warriors
  4 ogres
  2 centaurs
  A phantom (D:4)
  2 lemures (D:8)
  3 bullfrogs
  A necrophage (D:6)
  3 scorpions
  A gnoll sergeant (D:9)
  11 wights
  8 killer bees (D:8)
  5 howler monkeys
  3 hounds
  4 jellies
  3 gnoll boudas
  8 orc priests
  4 iguanas
  7 orc wizards
  2 hound zombies (D:4)
  Robin (D:3)
  19 gnolls
  9 adders
  A shadow imp (D:7)
  2 ufetubi (D:4)
  3 adder zombies (D:4)
  3 worms
  2 dart slugs (D:2)
  37 orcs
  9 endoplasms
  2 giant cockroaches
  9 hobgoblins
  2 jackals (D:1)
  5 kobolds
  3 ball pythons
  4 bats
  2 frilled lizards
  13 goblins
  4 rats
229 creatures vanquished.

Vanquished Creatures (others)
  3 fungi (D:9)
  6 plants (D:9)
9 creatures vanquished.

Grand Total: 238 creatures vanquished

Notes
Turn   | Place    | Note
-------+----------+-------------------------------------------
     0 | D:1      | mopl the Merfolk Berserker began the quest for the Orb.
     0 | D:1      | Reached XP level 1. HP: 18/18 MP: 1/1
   409 | D:1      | Reached XP level 2. HP: 22/24 MP: 2/2
   485 | D:1      | Reached skill level 4 in Long Blades
   513 | D:1      | Reached skill level 3 in Dodging
   542 | D:1      | Found Bimapt's General Store.
   550 | D:1      | Bought a scroll of teleportation for 30 gold pieces
   912 | D:2      | Reached XP level 3. HP: 24/29 MP: 3/3
  1070 | D:2      | Found an ornate altar of the Wu Jian Council.
  1199 | D:2      | Reached ** piety under Trog
  1298 | D:2      | Reached XP level 4. HP: 37/37 MP: 4/4
  1429 | D:3      | Found an opulent altar of Gozag.
  1440 | D:3      | Found Gozag's Platinum Reserve.
  1582 | D:3      | Noticed Robin
  1600 | D:3      | Killed Robin
  1815 | D:3      | Reached skill level 2 in Armour
  1820 | D:3      | Reached skill level 5 in Long Blades
  2002 | D:3      | Found a faded altar of an unknown god.
  2140 | D:3      | Reached XP level 5. HP: 33/42 MP: 5/5
  2306 | D:1      | Bought a potion of flight for 30 gold pieces
  2306 | D:1      | Bought a potion of cancellation for 80 gold pieces
  2306 | D:1      | Bought a scroll of immolation for 40 gold pieces
  2365 | D:4      | Noticed a phantom
  2372 | D:4      | Reached skill level 4 in Fighting
  2374 | D:4      | Reached skill level 4 in Dodging
  2377 | D:4      | Killed a phantom
  2378 | D:4      | Reached skill level 1 in Evocations
  2378 | D:4      | Reached XP level 6. HP: 48/48 MP: 6/6
  2379 | D:4      | Reached skill level 1 in Throwing
  2525 | D:4      | Reached skill level 6 in Long Blades
  2576 | D:4      | Found a basalt altar of Yredelemnul.
  2582 | D:4      | Reached XP level 7. HP: 52/55 MP: 7/7
  2760 | D:4      | Found a transporter.
  2780 | D:4      | Found a transporter.
  2783 | D:4      | Noticed bmj180's ghost (amateur GrEE)
  2927 | D:5      | Entered Level 5 of the Dungeon
  2948 | D:4      | Reached skill level 2 in Evocations
  2968 | D:4      | Reached skill level 2 in Throwing
  2972 | D:4      | Reached *** piety under Trog
  3204 | D:4      | Reached skill level 5 in Dodging
  3316 | D:4      | Reached skill level 5 in Fighting
  3316 | D:4      | Reached XP level 8. HP: 60/62 MP: 8/8
  3469 | D:4      | Reached skill level 7 in Long Blades
  3712 | D:4      | Reached skill level 3 in Armour
  3911 | D:5      | Found Aiuruplu's Alliterative Accessories.
  4025 | D:5      | Bought a potion of ambrosia for 112 gold pieces
  4237 | D:5      | Reached skill level 3 in Throwing
  4312 | D:5      | Reached skill level 3 in Evocations
  4449 | D:6      | Found a staircase to the Ecumenical Temple.
  4514 | D:6      | Found an ornate altar of the Wu Jian Council.
  4575 | D:6      | Reached skill level 6 in Dodging
  4627 | D:6      | Reached skill level 8 in Long Blades
  4896 | D:5      | Reached XP level 9. HP: 21/69 MP: 9/9
  5578 | D:6      | Reached skill level 6 in Fighting
  5578 | D:6      | Reached skill level 4 in Throwing
  5578 | D:6      | Reached skill level 4 in Evocations
  6017 | D:6      | Reached skill level 9 in Long Blades
  6121 | D:7      | Noticed Prince Ribbit
  6273 | D:7      | Killed Prince Ribbit
  6274 | D:7      | Reached skill level 7 in Dodging
  6307 | D:7      | Reached skill level 4 in Armour
  6420 | D:7      | Found a hazy altar of Hepliaklqana.
  6420 | D:7      | Found a broken altar of Ashenzari.
  6659 | D:7      | Reached **** piety under Trog
  6763 | D:5      | Bought a scroll of amnesia for 56 gold pieces
  7111 | D:7      | Found a shimmering blue altar of Sif Muna.
  7111 | D:7      | Found a stormy altar of Qazlal.
  7112 | D:7      | Found a sacrificial altar of Ru.
  7140 | D:7      | Found a glowing silver altar of Zin.
  7349 | D:8      | Found a snail-covered altar of Cheibriados.
  7603 | D:8      | Reached XP level 10. HP: 63/77 MP: 10/10
  7822 | D:8      | Reached skill level 10 in Long Blades
  7883 | D:8      | Reached skill level 5 in Throwing
  8085 | D:8      | Reached skill level 5 in Evocations
  8317 | D:8      | Reached skill level 7 in Fighting
  8317 | D:8      | Reached skill level 8 in Dodging
  9435 | D:9      | Reached skill level 11 in Long Blades
  9612 | D:9      | Noticed Pikel
  9697 | D:9      | Killed Pikel
  9698 | D:9      | Reached XP level 11. HP: 82/84 MP: 11/11
  9808 | D:9      | Reached skill level 5 in Armour
  9826 | D:9      | Found Meoxky's Jewellery Boutique.
  9943 | D:9      | Reached skill level 6 in Throwing
  9943 | D:9      | Reached skill level 6 in Evocations
  9963 | D:9      | HP: 3/85 [orc priest/divine providence (15)]
  9968 | D:9      | Killed from afar by an orc priest

Illustrated notes

Levels and vault maps discovered:
D:1:      dpeg_arrival_rooms_c, layout_basic, serial_shops, nicolae_square_shop,
          minmay_3d_cube
D:2:      layout_rooms, basic_altar
D:3:      layout_basic, nicolae_gozag_zags_fifth_avenue,
          hellmonk_ecumenical_altar_arch_garden, uniq_robin
D:4:      layout_cave_pools, nicolae_yredelemnul_corpse_copse,
          gammafunk_ghost_mausoleum, chequers_serial_rivers_marsh,
          amethyst_killhole, minmay_bisected
D:5:      layout_rooms, nicolae_alphabet_shops, minivault_26
D:6:      layout_basic, old_standard_altar, minmay_temple_entry_metal_lava
D:7:      layout_cave_pools, chequers_temple_overflow_statue_of_worship,
          nicolae_overflow_quartered_altars, corexii_hall_statues_i,
          uniq_prince_ribbit1
D:8:      layout_basic, slow_altar_1, solitary_fountain
D:9:      layout_rooms, dpeg_oklobed_lair, david_orc_4, serial_shops, shop,
          uniq_pikel

Skill      XL: |  1  2  3  4  5  6  7  8  9 10 11 |
---------------+----------------------------------+-----
Long Blades    | 4 5 6 8 9 11 | 11.4
Dodging        | 3 4 5 6 7 8 |  8.9
Armour         | 2 3 4 5 |  5.0
Fighting       | 4 5 6 7 |  7.7
Evocations     | 1 2 3 4 5 6 |  6.0
Throwing       | 1 2 3 4 5 6 |  6.0

Action                     |  1- 3 |  4- 6 |  7- 9 | 10-12 || total
---------------------------+-------+-------+-------+-------++-------
  Melee: Falchion          |   111 |    49 |    17 |   361 ||   538
         Tailslap          |     2 |       |       |       ||     2
         Punch             |     1 |       |       |       ||     1
         Flail             |       |    71 |   347 |    29 ||   447
 Invoke: Berserk           |       |     3 |     9 |     9 ||    21
  Evoke: Wand              |       |       |     1 |       ||     1
    Use: Scroll            |       |     6 |     3 |     2 ||    11
         Potion            |       |       |     2 |     1 ||     3
   Stab: Sleeping          |     1 |     1 |       |       ||     2
 Armour: Animal skin       |    18 |       |       |       ||    18
         Ring mail         |    23 |    34 |       |       ||    57
         Scale mail        |       |    49 |   154 |       ||   203
         Chain mail        |       |       |   113 |   178 ||   291
  Dodge: Dodged            |    99 |    53 |   200 |   101 ||   453
  Block: Tower shield      |     1 |   129 |   375 |   290 ||   795

Table legend: (Time is in decaauts)
 A = Elapsed time spent in this place.
 B = Non-inter-level travel time spent in this place.
 C = Inter-level travel time spent in this place.
 D = Time resting spent in this place.
 E = Time spent auto-exploring this place.
 F = Levels seen in this place.
 G = Mean time per level.
                   A        B        C        D        E       F      G
               +--------+--------+--------+--------+--------+-----+--------+
         Total |  10647 |  10180 |    467 |   3117 |   4330 |   9 | 1183.0 |
       Dungeon |  10647 |  10180 |    467 |   3117 |   4330 |   9 | 1183.0 |
               +--------+--------+--------+--------+--------+-----+--------+

Top non-repeatable levels by time:
     D:8: 2038 daAuts
     D:6: 1849 daAuts
     D:4: 1616 daAuts
     D:7: 1012 daAuts
     D:3: 929 daAuts
     D:1: 924 daAuts
     D:5: 902 daAuts
     D:9: 808 daAuts
     D:2: 565 daAuts
